 Dungeon Crawl Stone Soup version 0.22-a0-196-gee22f27 (webtiles) character file.

102 Lapis the Sneak (level 4, -6/45 HPs)
             Began as an Octopode Assassin on Feb 17, 2018.
             Killed by Freeze
             ... invoked by NormalPerson7's ghost
              (9 damage)
             ... while paralysed by Grinder
             ... on level 3 of the Dungeon.
             The game lasted 00:02:13 (1671 turns).

Lapis the Sneak (Octopode Assassin)                 Turns: 1671, Time: 00:02:15

Health: -6/45      AC: 22    Str: 10    XL:     4   Next: 77%
Magic:  4/4        EV:  2    Int: 13    God:
Gold:   149        SH:  0    Dex: 14    Spells: 3/3 levels left

rFire    . . .     SeeInvis .   a - +2 dagger
rCold    . . .     Gourm    .   (no shield)
rNeg     + + +     Faith    .   (helmet currently unavailable)
rPois    +         Spirit   .   (no amulet)
rElec    .         Reflect  .   (no ring)
rCorr    .         Harm     .   (no ring)
MR       .....     NoTele   +   (no ring)
Stlth    ++++......             (no ring)
HPRegen  0.15/turn              (no ring)
MPRegen  0.09/turn              (no ring)
                                (no ring)
                                (no ring)

@: paralysed, tree-form (expiring)
A: almost no armour, stealthy swim, (amphibious), 8 rings, (constrict 8)
a: no special abilities


You were on level 3 of the Dungeon.
You were not hungry.
You were a tree.
You visited 1 branch of the dungeon, and saw 3 of its levels.

You collected 149 gold pieces.

Inventory:

Hand Weapons
 a - a +2 dagger (weapon)
 b - a +0 blowgun
Missiles
 c - 26 poisoned needles
 d - 2 curare-tipped needles
 e - a throwing net (quivered)
Jewellery
 k - an uncursed amulet of faith {unknown}
Scrolls
 i - 2 scrolls of identify
Potions
 g - a potion of brilliance
Comestibles
 f - 5 rations


   Skills:
 * Level 2.4 Fighting
 * Level 2.4 Short Blades
 - Level 2.0 Throwing
 * Level 1.6 Dodging
 * Level 7.4 Stealth


You had 3 spell levels left.
You didn't know any spells.

Dungeon Overview and Level Annotations

Branches:
Dungeon (3/15)

Altars:
Fedhas

Annotations:
D:3 Grinder; NormalPerson7's ghost, amateur DsIE


Innate Abilities, Weirdness & Mutations

You cannot wear most types of armour.
You are very stealthy in the water. (Stealth+)
((You are amphibious.))
You can wear up to eight rings at the same time.
((You can use your tentacles to constrict eight enemies at once.))
((Your skin changes colour to match your surroundings (Stealth+).))
((Your rubbery body absorbs attacks. (AC +1, EV +1)))


Message History

The jackal bites you but does no damage.
Grinder blinks!
You hit NormalPerson7's ghost.
NormalPerson7's ghost is moderately damaged.
The jackal bites you but does no damage.
NormalPerson7's ghost hits you but does no damage.
You hit NormalPerson7's ghost but do no damage.
NormalPerson7's ghost is moderately damaged.
Your transformation is almost over.
The jackal bites you but does no damage.
NormalPerson7's ghost hits you but does no damage.
The jackal bites you but does no damage.
You hit NormalPerson7's ghost.
NormalPerson7's ghost is heavily damaged.
Grinder gestures at you.
You suddenly lose the ability to move!
The jackal bites you but does no damage.
NormalPerson7's ghost gestures at you while chanting.
You are frozen.
You die...

#.#
#.≈###≈.≈###≈.≈###≈.
#.#
#.≈≈≈≈≈.≈≈≈≈≈.≈≈≈≈≈.
#.#
#..............5=...
##.###.≈≈≈≈≈.≈≈≈≈≈.≈≈≈≈
<......≈###≈.≈###≈.≈#
#####..≈# #≈.≈# #≈.≈#
#..≈###≈.≈###≈.≈###≈.
#..≈≈≈≈≈.≈≈§W≈.≈≈≈≈≈.
#.........§§♣hh......
#(...#############...
###### ##


You could see Grinder, NormalPerson7's ghost and 2 jackals.

Vanquished Creatures
  Terence (D:2)
  3 adders
  2 oozes
  A dart slug (D:2)
  A leopard gecko (D:2)
  An orc (D:2)
  7 bats
  3 giant cockroaches
  A goblin (D:1)
  4 hobgoblins
  4 kobolds
  7 frilled lizards
  7 rats
42 creatures vanquished.

Notes
Turn   | Place    | Note
-------+----------+-------------------------------------------
     0 | D:1      | Lapis the Octopode Assassin began the quest for the Orb.
     0 | D:1      | Reached XP level 1. HP: 14/14 MP: 1/1
   145 | D:1      | Reached XP level 2. HP: 18/19 MP: 2/2
   212 | D:1      | Reached skill level 6 in Stealth
   475 | D:1      | Reached XP level 3. HP: 24/24 MP: 3/3
   674 | D:2      | Noticed Terence
   687 | D:2      | Killed Terence
   960 | D:2      | Reached XP level 4. HP: 29/29 MP: 4/4
   989 | D:2      | Reached skill level 7 in Stealth
  1019 | D:2      | Found a blossoming altar of Fedhas.
  1642 | D:3      | Noticed Grinder
  1642 | D:3      | Noticed NormalPerson7's ghost (amateur DsIE)
  1668 | D:3      | HP: 2/45 [NormalPerson7's ghost/Freeze (4)]
  1671 | D:3      | Paralysed by Grinder for 5 turns
  1671 | D:3      | Killed from afar by NormalPerson7's ghost

Vault maps used:
D:1:      onia_arrival_pentagram
D:2:      fedhas_altar_3, first_ration, guppyfry_early_lair_pool, uniq_terence
D:3:      lemuel_crystal_altar, lemuel_crystal_altar,
          gammafunk_temple_overflow_statue,
          chequers_ecumenical_altar_simple_redux, kennysheep_boxes,
          uniq_grinder, uniq_robin

Skill      XL: |  1  2  3  4 |
---------------+-------------+-----
Stealth        | 6 7 |  7.4
Fighting       | |  2.4
Short Blades   | |  2.4
Throwing       | |  2.0
Dodging        | |  1.6

Action                   |  1- 3 |  4- 6 || total
-------------------------+-------+-------++-------
Melee: Dagger            |    38 |    53 ||    91
       Constrict         |     7 |     7 ||    14
       Tentacles         |     8 |     7 ||    15
  Use: Scroll            |       |     2 ||     2
       Potion            |       |     2 ||     2
 Stab: Sleeping          |    11 |     5 ||    16
  Eat: Chunk             |       |     2 ||     2
Armor: Skin              |     1 |    30 ||    31
Dodge: Dodged            |     8 |    21 ||    29

Table legend:
 A = Spawn XP
 B = Non-spawn XP
 C = Spawn XP percentage of total XP
 D = Spawn monster count
 E = Non-spawn monster count
 F = Spawn count percentage of total count
 G = Total turns spent on level
                    A         B        C        D         E        F      G
               +---------+---------+-------+---------+---------+-------+---------
         Total |       0 |     146 |   0.0 |       0 |      42 |   0.0 |  1671
               +---------+---------+-------+---------+---------+-------+---------
           D:1 |       0 |      34 |   0.0 |       0 |      18 |   0.0 |   582
           D:2 |       0 |      99 |   0.0 |       0 |      23 |   0.0 |  1037
           D:3 |       0 |      13 |   0.0 |       0 |       1 |   0.0 |    52
               +---------+---------+-------+---------+---------+-------+---------
